 Dungeon Crawl Stone Soup version 0.28-a0-1389-gc726bef33b (webtiles) character file.

Game seed: 14897451134471310273

68 rogsnak the Gusty (level 4, 0/32 HPs)
             Began as a Demonspawn Air Elementalist on Jan 3, 2022.
             Killed from afar by Sigmund (7 damage)
             ... with a puff of flame
             ... on level 2 of the Dungeon.
             The game lasted 00:03:14 (1557 turns).

rogsnak the Gusty (Demonspawn Air Elementalist)     Turns: 1557, Time: 00:03:15

Health: 0/32       AC:  2    Str:  9    XL:     4   Next: 1%
Magic:  7/7        EV: 12    Int: 18    God:
Gold:   27         SH:  0    Dex: 13    Spells: 7/8 levels left

rFire   . . .      SeeInvis .   h - +2 dagger (venom)
rCold   . . .      Faith    .   (no shield)
rNeg    . . .      Spirit   .   a - +0 robe
rPois   .          Reflect  .   (no helmet)
rElec   .          Harm     .   (no cloak)
rCorr   .          Rampage  .   (no gloves)
Will    .....                   (no boots)
Stlth   ++........              (no amulet)
HPRegen 0.10/turn               (no ring)
MPRegen 0.10/turn               (no ring)

@: no status effects
A: claws 1
a: no special abilities


You were on level 2 of the Dungeon.
You visited 1 branch of the dungeon, and saw 2 of its levels.

You collected 27 gold pieces.

Inventory:

Hand Weapons
 b - a +0 short sword
 d - a +0 dagger of venom
 h - a +2 dagger of venom (weapon)
Armour
 a - a +0 robe (worn)
Jewellery
 f - a ring of ice
Scrolls
 e - a scroll of teleportation {unknown}
Potions
 c - a potion of ambrosia {unknown}
 g - 2 potions of heal wounds {unknown}


   Skills:
 + Level 1.0 Fighting
 + Level 2.1 Dodging
 - Level 1.7 Stealth
 + Level 2.5 Spellcasting
 * Level 1.9 Conjurations
 + Level 3.4 Air Magic


You had 7 spell levels left.
You knew the following spells:

 Your Spells              Type           Power      Damage    Failure   Level
a - Shock                 Conj/Air       44%        1d5       6%          1

Your spell library contained the following spells:

 Spells                   Type           Power      Damage    Failure   Level
 Static Discharge         Conj/Air       11%        N/A       9%          2
 Swiftness                Air            14%        N/A       13%         3
 Airstrike                Air            7%         N/A       38%         4


Dungeon Overview and Level Annotations

Branches:
Dungeon (2/15)

Altars:

Shops:
D:1 !

Annotations:
D:2 Sigmund


Innate Abilities, Weirdness & Mutations

You have sharp fingernails.


Message History

Found a fuming silvery potion.
You see here a hobgoblin corpse.
Things that are here:
a +2 dagger of venom; 5 stones; a kobold corpse
h - a +2 dagger of venom Your +0 dagger of venom stops dripping with poison.
Your +2 dagger of venom begins to drip with poison!
h - a +2 dagger of venom (weapon)
Magic restored.
g - 2 fuming silvery potions (gained 1)
The goblin shouts!
A goblin is nearby!
Casting: Shock (safe; 6% risk of failure)
Confirm with . or Enter, or press ? or * to list all spells.
Aiming: Shock (safe; 6% risk of failure)
Press: ? - help, Shift-Dir - straight line, f - goblin
Aim: a goblin, wielding a +0 club (60% to hit)
The zap hits the goblin.
You kill the goblin!
You have reached level 4!
You feel stronger.
Sigmund the Dreaded comes into view.
He is wielding a +0 scythe and carrying a wand of flame (19).
You start resting.
Magic restored.
There is a stone staircase leading up here.
Found a club.
Sigmund shouts!
Sigmund gestures at you while chanting. The puff of flame hits you.
Sigmund zaps a wand.
The puff of flame hits you!
Found 10 gold pieces.
Sigmund misses you.
You hit Sigmund but do no damage.
Sigmund is poisoned.
Sigmund hits you with a +0 scythe!
* * * LOW HITPOINT WARNING * * *
You hit Sigmund.
Sigmund looks even sicker.
Sigmund is lightly wounded.
You hit Sigmund but do no damage.
Sigmund looks as sick as possible!
Sigmund is lightly wounded.
Sigmund zaps a wand.
The puff of flame hits you!
You die...

##..#.#..###.# ###.#.#
......#..# #.# #.#.#
.........##..###
#.#.###.#
..#.......#....#
#.#.....#
#.........##.##
#...#####
#..###...###..## #...#
.... #.........###..##
.........#####...##....
......#..# #.@.....##
.)............@.)..#
....##......#^.....#
..#. ###...##......# .
...#. .......# #####
.......# $......#
##.......


You could see Sigmund (extremely poisoned).

Vanquished Creatures
  2 adders (D:2)
  A dart slug (D:2)
  5 bats (D:1)
  4 endoplasms (D:1)
  2 giant cockroaches (D:1)
  4 goblins
  4 hobgoblins
  3 jackals (D:1)
  4 kobolds
  4 quokkas (D:1)
  2 ball pythons (D:1)
  4 frilled lizards (D:1)
  3 rats
42 creatures vanquished.

Notes
Turn   | Place    | Note
-------+----------+-------------------------------------------
     0 | D:1      | rogsnak the Demonspawn Air Elementalist began the quest for
                  | the Orb.
     0 | D:1      | Reached XP level 1. HP: 13/13 MP: 3/3
   122 | D:1      | Reached skill level 3 in Air Magic
   122 | D:1      | Discovered your monstrous ancestry.
   122 | D:1      | Gained mutation: You have sharp fingernails. [demonic
                  | ancestry]
   122 | D:1      | Reached XP level 2. HP: 16/19 MP: 0/5
   791 | D:1      | Found Rosan's Distillery.
   930 | D:1      | Reached XP level 3. HP: 24/24 MP: 4/6
  1352 | D:2      | Reached skill level 1 in Fighting
  1515 | D:2      | Reached XP level 4. HP: 32/32 MP: 5/7
  1517 | D:2      | Noticed Sigmund
  1557 | D:2      | Killed from afar by Sigmund

Illustrated notes

Levels and vault maps discovered:
D:1:      zaba_arrival_water, layout_loops_ring, serial_shops, shop
D:2:      layout_rooms, uniq_sigmund

Skill      XL: |  1  2  3 |
---------------+----------+-----
Air Magic      | 3 |  3.4
Dodging        | 2 |  2.1
Fighting       | 1 |  1.0
Stealth        | |  1.7
Spellcasting   | |  2.5
Conjurations   | |  1.9

Action                   |  1- 3 |  4- 6 || total
-------------------------+-------+-------++-------
Melee: Dagger            |    27 |     3 ||    30
 Cast: Shock             |    66 |       ||    66
Armor: Robe              |     6 |       ||     6
Dodge: Dodged            |    23 |     1 ||    24

Table legend: (Time is in decaauts)
 A = Elapsed time spent in this place.
 B = Non-inter-level travel time spent in this place.
 C = Inter-level travel time spent in this place.
 D = Time resting spent in this place.
 E = Time spent auto-exploring this place.
 F = Levels seen in this place.
 G = Mean time per level.
                   A        B        C        D        E       F      G
               +--------+--------+--------+--------+--------+-----+--------+
         Total |   1561 |   1552 |      9 |    235 |   1041 |   2 |  780.5 |
       Dungeon |   1561 |   1552 |      9 |    235 |   1041 |   2 |  780.5 |
               +--------+--------+--------+--------+--------+-----+--------+

Top non-repeatable levels by time:
     D:1: 1289 daAuts
     D:2: 272 daAuts
